 Dungeon Crawl Stone Soup version 0.30-a0-953-g5f1da4a474 (webtiles) character file.

Game seed: 1513853955366962566

1251 jasper the Shooter (level 8, -7/60 HPs)
             Began as a Demonspawn Hexslinger on Mar 28, 2023.
             Was a Follower of Okawaru.
             Killed from afar by a manticore (19 damage)
             ... with a volley of spikes
             ... on level 7 of the Dungeon.
             The game lasted 00:11:20 (5416 turns).

jasper the Shooter (Demonspawn Hexslinger)          Turns: 5416, Time: 00:11:21

Health: -7/60      AC: 15    Str: 12    XL:     8   Next: 26%
Magic:  0/10       EV: 11    Int: 14    God:    Okawaru [*.....]
Gold:   315        SH:  4    Dex: 15    Spells: 8/9 levels left

rFire   . . .      SeeInvis .    n - +0 arbalest (freeze)
rCold   . . .      Faith    .    (shield currently unavailable)
rNeg    . . .      Spirit   +    r - +0 scale mail
rPois   .          Reflect  .    (no helmet)
rElec   .          Rampage  .    (no cloak)
rCorr   .                        p - +0 pair of gloves
Will    .....                    (no boots)
Stlth   ++                       (no amulet)
HPRegen 0.30/turn                (no ring)
MPRegen 0.24/turn                (no ring)

@: heroic, spiked, sanguine armoured
A: magic shield, magic regeneration, sanguine armour 1, condensation shield,
demonic touch 1
a: Renounce Religion, Heroism


You were on level 7 of the Dungeon.
You worshipped Okawaru.
Okawaru was aware of your devotion.
You visited 2 branches of the dungeon, and saw 8 of its levels.

You collected 315 gold pieces.

Inventory:

Hand Weapons
 a - a +1 sling
 h - a +2 dagger of flaming
 n - a +0 arbalest of freezing (weapon)
 w - a +0 shortbow
Missiles
 k - 5 curare-tipped darts
 t - a throwing net
Armour
 c - a +0 robe
 g - a +0 leather armour
 p - a +0 pair of gloves (worn)
 r - a +0 scale mail (worn)
 x - a +0 chain mail
Wands
 o - a wand of digging (6)
 q - a wand of polymorph (10)
 F - a wand of mindburst (5)
Scrolls
 b - a scroll of poison
 f - a scroll of immolation
 i - a scroll of teleportation
 l - a scroll of silence
 s - a scroll of summoning {unknown}
 u - a scroll of magic mapping {unknown}
 y - a scroll of enchant armour {unknown}
 B - a scroll of amnesia {unknown}
 D - a scroll of identify
 G - a scroll of fear {unknown}
Potions
 e - a potion of curing
 j - a potion of attraction
 m - 4 potions of degeneration
 v - a potion of ambrosia
 A - a potion of might
 C - a potion of mutation
 E - 2 potions of brilliance


   Skills:
 + Level 4.3(9.3) Fighting
 * Level 6.9(11.9) Ranged Weapons
 + Level 3.7(8.7) Armour
 - Level 1.7(6.7) Dodging
 - Level 1.0 Spellcasting
 - Level 3.0 Hexes
 - Level 3.2 Invocations


You had 8 spell levels left.
You knew the following spells:

 Your Spells              Type           Power      Damage    Failure   Level
a - Slow                  Hex            36%        N/A       30%         1

Your spell library contained the following spells:

 Spells                   Type           Power      Damage    Failure   Level
 Apportation              Tloc           0%         N/A       71%         1
 Dazzling Flash           Conj/Hex       8%         N/A       86%         3
 Inner Flame              Hex/Fire       4%         N/A       86%         3
 Portal Projectile        Hex/Tloc       8%         N/A       86%         3
 Cause Fear               Hex            4%         N/A       96%         4
 Iskenderun's Mystic Bla  Conj/Tloc      0%         2d3       100%        4
 Alistair's Intoxication  Tmut/Pois      0%         N/A       100%        5
 Starburst                Conj/Fire      0%         6d3       100%        6


Dungeon Overview and Level Annotations

Branches:
Dungeon (7/15)             Temple (1/1) D:4

Altars:
Dithmenos
Fedhas
Gozag
Hepliaklqana
Kikubaaqudgha
Nemelex Xobeh
Okawaru
Qazlal
Sif Muna
Uskayaw
Vehumet
Wu Jian
Xom
Yredelemnul


Innate Abilities, Weirdness & Mutations

When hurt, damage is shared between your health and your magic reserves.
You regenerate magic rapidly.
When seriously injured, your blood forms armour. (AC +6)
A meltable shield of frost defends you. (SH +4)
Your touch may inflict minor irresistible damage on your foes.


Message History

The manticore bites you but does no damage.
The manticore barely misses you. x2; The gnoll sergeant misses you.
The gnoll sergeant hits you but does no damage.
The manticore bites you but does no damage.
The manticore claws you.
The manticore claws you but does no damage.
You feel much better.
You carefully extract the barbed spikes from your body.
The manticore bites you.
The manticore claws you but does no damage.
The manticore closely misses you. The gnoll sergeant barely misses you.
You regained 13 hp, and now have 37/60 hp.
Fire: n) +0 arbalest (freeze)
Press: ? - help, Q - select action, (/) - cycle Shift-Dir - straight line, f/p - manticore
Aim: a manticore (severely wounded, 74% to hit)
You shoot a bolt.
The bolt hits the manticore but does no damage.
The manticore is severely wounded.
The manticore closely misses you. You block the manticore's attack.
The manticore claws you!
The gnoll sergeant hits you from afar with a +0 spear.
You take 9 damage, and have 28/60 hp.
You now have 3/10 mp.
Fire: n) +0 arbalest (freeze)
Press: ? - help, Q - select action, (/) - cycle Shift-Dir - straight line, f/p - manticore
Aim: a manticore (severely wounded, 74% to hit)
You shoot a bolt. The bolt barely misses the manticore.
The gnoll sergeant closely misses you.
The manticore bites you but does no damage.
You block the manticore's attack. The manticore claws you.
The gnoll sergeant barely misses you. The manticore bites you!
* * * LOW HITPOINT WARNING * * *
The manticore misses you. The manticore barely misses you.
You take 16 damage, and have 12/60 hp.
MASSIVE DAMAGE!!
You now have 1/10 mp.
Blink to where?
Press: ? - help, Dir - move target, p - manticore
As you read the scroll of blinking, it crumbles to dust.
The manticore flicks its tail.
The volley of spikes hits you!!
The barbed spikes become lodged in your body.
You die...

#.# ### ###.
...8#.. ... # .
...#.##..# ..# ..
.†!.[..#...# #.
#g#....>#.# 8.
#.H........
.###.###.§##......
.........## .....
.......@.# ....
........#..# ...
#########..... ..
..##!. . ## #.. .
. .# ... ..####.#
.### #......#
#..<.#


You could see a manticore and a gnoll sergeant.

Vanquished Creatures
  Eustachio (D:5)
  A steam dragon (D:6)
  A black bear (D:4)
  A sky beast (D:6)
  An ice beast (D:5)
  A centaur (D:5)
  A bullfrog (D:6)
  3 scorpions
  A howler monkey (D:6)
  A jelly (D:5)
  An orc priest (D:6)
  A hound (D:7)
  Natasha (twice) (D:4)
  An orc wizard (D:6)
  6 adders
  An ufetubus (D:4)
  A worm (D:5)
  3 dart slugs
  16 orcs
  5 endoplasms
  4 giant cockroaches
  7 goblins
  3 hobgoblins
  5 kobolds
  5 quokkas
  3 ball pythons
  A bat (D:3)
  2 frilled lizards
  5 rats
84 creatures vanquished.

Vanquished Creatures (others)
  A sky beast (D:6)
1 creature vanquished.

Grand Total: 85 creatures vanquished

Notes
Turn   | Place    | Note
-------+----------+-------------------------------------------
     0 | D:1      | jasper the Demonspawn Hexslinger began the quest for the
                  | Orb.
     0 | D:1      | Reached XP level 1. HP: 15/15 MP: 2/2
    95 | D:1      | Reached skill level 2 in Ranged Weapons
   264 | D:1      | Gained mutation: You regenerate magic rapidly. [demonic
                  | ancestry]
   264 | D:1      | Reached XP level 2. HP: 21/21 MP: 3/3
   426 | D:1      | Found a faded altar of an unknown god.
   670 | D:1      | Reached skill level 3 in Ranged Weapons
  1458 | D:2      | Gained mutation: Your touch may inflict minor irresistible
                  | damage on your foes. [demonic ancestry]
  1458 | D:2      | Reached XP level 3. HP: 26/26 MP: 4/4
  2451 | D:3      | Identified a scroll of acquirement
  2451 | D:3      | Acquired a +0 arbalest of freezing
  2485 | D:4      | Noticed a black bear
  2487 | D:4      | Gained mutation: When seriously injured, your blood forms
                  | armour. (AC +6) [demonic ancestry]
  2487 | D:4      | Reached XP level 4. HP: 6/32 MP: 5/5
  2760 | D:4      | Reached skill level 4 in Ranged Weapons
  2761 | D:4      | Noticed a scorpion
  2763 | D:4      | Killed a black bear
  2764 | D:4      | Reached skill level 1 in Armour
  2764 | D:4      | Gained mutation: A meltable shield of frost defends you.
                  | (SH +4) [demonic ancestry]
  2764 | D:4      | Reached XP level 5. HP: 33/38 MP: 6/6
  2930 | D:4      | Noticed Natasha
  2931 | D:4      | Killed Natasha
  2954 | D:4      | Found a staircase to the Ecumenical Temple.
  3087 | D:4      | Noticed Natasha
  3089 | D:4      | Killed Natasha
  3090 | D:4      | Reached skill level 5 in Ranged Weapons
  3090 | D:4      | Reached XP level 6. HP: 46/46 MP: 7/7
  3253 | D:5      | Entered Level 5 of the Dungeon
  3485 | Temple   | Entered the Ecumenical Temple
  3527 | Temple   | Became a worshipper of Warmaster Okawaru
  3748 | D:5      | Noticed an ice beast
  3754 | D:5      | Killed an ice beast
  3755 | D:5      | Reached XP level 7. HP: 24/52 MP: 8/8
  3885 | D:5      | Found an ancient bone altar of Kikubaaqudgha.
  3952 | D:5      | Reached skill level 6 in Ranged Weapons
  4096 | D:5      | Noticed Eustachio
  4124 | D:5      | Killed Eustachio
  4124 | D:5      | Reached * piety under Okawaru
  4742 | D:6      | Gained mutation: When hurt, damage is shared between your
                  | health and your magic reserves. [demonic ancestry]
  4742 | D:6      | Reached XP level 8. HP: 60/60 MP: 10/10
  5240 | D:6      | Reached ** piety under Okawaru
  5404 | D:7      | Noticed a manticore
  5416 | D:7      | Killed from afar by a manticore

Illustrated notes

Levels and vault maps discovered:
D:1:      psy_arrival_radial02, layout_basic, basic_ecumenical_altar
D:2:      layout_loops_ring
D:3:      layout_basic, serial_glass, glass_columns_a, glass_columns_c,
          glass_columns_a, glass_columns_c, glass_columns_c, glass_columns_b,
          glass_columns_a, glass_columns_a, glass_columns_a, glass_columns_b
D:4:      layout_rooms, minmay_temple_entry_from_below_a, uniq_natasha
D:5:      layout_loops_cross, lemuel_doored_altar, uniq_eustachio
D:6:      layout_basic, chequers_mini_garden
D:7:      layout_rooms, nicolae_overflow_hallway_of_the_gods, serial_shops,
          shop_statue, nicolae_concentric_dashed_squares_wild,
          minmay_misc_feat_encased, dk_vineyard_3, minmay_chambers_of_fives
Temple:   lightli_temple_of_artemis

Skill      XL: |  1  2  3  4  5  6  7  8 |
---------------+-------------------------+-----
Ranged Weapons | 2 3 4 5 6 |  6.9
Armour         | 1 2 3 |  3.7
Fighting       | 2 3 4 |  4.3
Invocations    | 3 |  3.2
Dodging        | |  1.7
Spellcasting   | |  1.0
Hexes          | |  3.0

Action                     |  1- 3 |  4- 6 |  7- 9 || total
---------------------------+-------+-------+-------++-------
  Melee: Arbalest          |       |       |     1 ||     1
   Fire: Sling             |   151 |       |       ||   151
         Arbalest          |     8 |    79 |    86 ||   173
   Cast: Slow              |     1 |       |       ||     1
 Invoke: Heroism           |       |       |     1 ||     1
    Use: Scroll            |     7 |     1 |     8 ||    16
         Potion            |       |       |     1 ||     1
 Armour: Robe              |     3 |       |       ||     3
         Leather armour    |    28 |     2 |       ||    30
         Scale mail        |       |    38 |    96 ||   134
  Dodge: Dodged            |    77 |    29 |    41 ||   147
  Block: Other             |       |    16 |     6 ||    22

Table legend: (Time is in decaauts)
 A = Elapsed time spent in this place.
 B = Non-inter-level travel time spent in this place.
 C = Inter-level travel time spent in this place.
 D = Time resting spent in this place.
 E = Time spent auto-exploring this place.
 F = Levels seen in this place.
 G = Mean time per level.
                   A        B        C        D        E       F      G
               +--------+--------+--------+--------+--------+-----+--------+
         Total |   5606 |   5000 |    606 |    780 |   2602 |   8 |  700.8 |
       Dungeon |   5553 |   4957 |    596 |    780 |   2600 |   7 |  793.3 |
        Temple |     53 |     43 |     10 |      0 |      2 |   1 |   53.0 |
               +--------+--------+--------+--------+--------+-----+--------+

Top non-repeatable levels by time:
     D:1: 1178 daAuts
     D:5: 1145 daAuts
     D:6: 971 daAuts
     D:3: 730 daAuts
     D:4: 727 daAuts
     D:2: 720 daAuts
     D:7: 78 daAuts
  Temple: 53 daAuts
